Senateurs vs Panthers

Created - 4 janvier 2022 at 16:07

Goals
1 2 3 T
Senateurs 1 2 1 4
Panthers 1 1 0 2
Shots
1 2 3 T
Senateurs 5 18 12 35
Panthers 12 11 12 35

GoalsPenalties
1st period
1. Panthers , Claude Giroux 10 (Seth Jones 25) at 4:03
2. Senateurs , Scott Laughton 10 (Jake Guentzel 12, Brent Burns 21) at 14:22 (PP)
Jacob Trouba (OTT) for Hooking (Minor) at 0:12
Colin Wilson (OTT) for Diving (Minor) at 10:30
Oskar Sundqvist (FLO) for Holding (Minor) at 12:36
2nd period
3. Panthers , Claude Giroux 11 (Vladislav Namestnikov 12, Justin Braun 15) at 9:34
4. Senateurs , Mika Zibanejad 20 (Patrick Kane 30, Brandon Montour 21) at 13:19
5. Senateurs , Patrick Kane 11 (Mika Zibanejad 19, Nathan MacKinnon 25) at 13:53
No Penalty
3rd period
6. Senateurs , Patrick Kane 12 (Nathan MacKinnon 26, Brent Burns 22) at 18:13
Nathan MacKinnon (OTT) for Tripping (Minor) at 5:50
Colton Parayko (FLO) for Interference (Minor) at 12:04
Scott Laughton (OTT) for Hooking (Minor) at 15:19
Goalie Stats
Jacob Markstrom (OTT), 33 saves from 35 shots - (0,943), W, 21-8-3, 60:00 minutes
Tuukka Rask (FLO), 31 saves from 35 shots - (0,886), L, 20-10-2, 60:00 minutes
3 StarsOfficial
1 - Patrick Kane (OTT)
2 - Mika Zibanejad (OTT)
3 - Claude Giroux (FLO)
Referees : Tom Kowal and Brad Meier
Linesman : Shane Heyer and Ryan Galloway
Game Note
No Game Note



Team Name Goals Shots Shots Attemp Shots Blocked PIM HIT PP PK FO%
Senateurs 4357598191 / 2 (50%)052%
Panthers 23563124250 / 4 (0%)148%

Senateurs
Player Name POS G A P +/- PIM HIT SHT SB MP PP MP PP SHT PK MP PK SHT FO% FOT
Adam LowryC0000034017:460:0004:35057% 23
Adam PelechD0000010219:180:0003:2700% 0
Brandon MontourD0110020118:542:1500:4800% 0
Brayden McNabbD0000020119:180:0004:2900% 0
Brent BurnsD0221011223:381:3004:2900% 0
Colin WilsonC/LW/RW000-120304:570:0000:0000% 0
Filip HronekD0000011017:042:1500:0000% 0
Jacob TroubaD0001223220:170:0002:3900% 0
Jake GuentzelLW011-1023016:101:3000:000100% 1
Mathew BarzalC000-1001016:101:3000:00050% 2
Michael BuntingLW/RW000-102204:580:0000:0000% 0
Mika ZibanejadC1123004018:412:1510:56044% 27
Nate ThompsonC/LW000-100008:190:0003:21063% 16
Nathan MacKinnonC/RW0223202017:442:1500:0000% 0
Nikolaj EhlersLW/RW0000002014:411:3000:0000% 1
Patrick KaneRW2133006017:452:1500:0000% 1
Paul ByronC/LW/RW0000002017:460:0004:350100% 1
Scott LaughtonC/LW101-1231118:341:3012:25050% 16
Panthers
Player Name POS G A P +/- PIM HIT SHT SB MP PP MP PP SHT PK MP PK SHT FO% FOT
Alec MartinezD0000023423:024:2022:0000% 0
Aleksander BarkovC000-20110021:454:1322:09053% 34
Andre BurakovskyLW/RW000-2002019:364:1310:00050% 2
Brett HowdenC/LW/RW000000207:360:0000:00043% 7
Claude GirouxC/LW/RW2021007018:433:4301:36042% 19
Colton ParaykoD0000221221:574:2010:5600% 0
David KrejciC0000000011:560:0000:00047% 15
Dylan DeMeloD000-2011223:423:3601:4500% 0
Eric RobinsonLW0000000011:560:0000:00033% 3
Jason DemersD0001030014:350:0001:1900% 0
Jonathan MarchessaultLW/RW000-2042121:454:1312:090100% 1
Jujhar KhairaC/LW000000007:360:0000:0000% 0
Justin BraunD0111010213:160:0000:0000% 0
Michael RafflLW/RW000001007:360:0000:00050% 2
Oskar SundqvistC/LW/RW0000242011:550:0000:0000% 0
Reilly SmithLW/RW0001013018:433:4311:36050% 2
Seth JonesD011-2042123:273:3621:3000% 0
Vladislav NamestnikovC/LW/RW0111010017:073:4300:00033% 3

Senateurs

5 vs 5 Forward
Line #Left WingCenterRight WingPHYDFOFWanted %Time %Time Play
1Patrick KaneMika ZibanejadNathan MacKinnon0233332%15:30
2Jake GuentzelScott LaughtonMathew Barzal0233030%14:40
3Nikolaj EhlersAdam LowryPaul Byron0232627%13:11
4Michael BuntingNate ThompsonColin Wilson1311110%4:58
5 vs 5 Defense
Line #DefenseDefensePHYDFOFWanted %Time %Time Play
1Jacob TroubaBrent Burns0323435%16:50
2Adam PelechBrandon Montour0323233%15:51
3Brayden McNabbFilip Hronek1312931%14:49
4Brent BurnsJacob Trouba02352%0:49
Power Play Forward
Line #Left WingCenterRight WingPHYDFOFWanted %Time %Time Play
1Patrick KaneMika ZibanejadNathan MacKinnon0055760%2:15
2Nikolaj EhlersMathew BarzalJake Guentzel0054340%1:30
Power Play Defense
Line #DefenseDefensePHYDFOFWanted %Time %Time Play
1Brent BurnsScott Laughton1135040%1:30
2Filip HronekBrandon Montour1135060%2:15
Penalty Kill 4 Players Forward
Line #CenterWingPHYDFOFWanted %Time %Time Play
1Adam LowryPaul Byron1405558%4:35
2Nate ThompsonScott Laughton1404542%3:21
Penalty Kill 4 Players Defense
Line #DefenseDefensePHYDFOFWanted %Time %Time Play
1Adam PelechJacob Trouba1405043%3:27
2Brayden McNabbBrent Burns1405057%4:29
Penalty Kill 3 Players
Line #WingPHYDFOFWanted %Time %Time PlayDefenseDefensePHYDFOFWanted %Time %Time Play
1Mika Zibanejad140500%0:00 Adam PelechJacob Trouba140500%0:00
2Adam Lowry140500%0:00 Brayden McNabbBrent Burns140500%0:00
4 vs 4 Forward
Line #CenterWingPHYDFOFWanted %Time %Time Play
1Mika ZibanejadNathan MacKinnon014550%0:00
2Mathew BarzalPatrick Kane014450%0:00
4 vs 4 Defense
Line #DefensePHYDFOFWanted %Time %Time Play
1Brent BurnsJacob Trouba041500%0:00
2Filip HronekBrandon Montour041500%0:00
Last Minutes Offensive
Left WingCenterRight WingDefenseDefense
Patrick KaneMika ZibanejadNathan MacKinnonBrent BurnsFilip Hronek
Last Minutes Defensive
Left WingCenterRight WingDefenseDefense
Mika ZibanejadAdam LowryScott LaughtonBrayden McNabbJacob Trouba
Time
Total ForwardTotal DefenseLast Minutes OffensiveLast Minutes Defensive
60:00 60:00 0:000:00
Extra Forwards
Normal PowerPlayPenalty Kill
Adam Lowry, Nikolaj Ehlers, Jake GuentzelPatrick Kane, Nathan MacKinnonMika Zibanejad
Extra Defensemen
Normal PowerPlayPenalty Kill
Adam Pelech, Filip Hronek, Brandon MontourJacob Trouba, Brandon MontourFilip Hronek
Penalty Shots
Patrick Kane, Mathew Barzal, Nathan MacKinnon, Mika Zibanejad, Jake Guentzel
Goalie
Jacob Markstrom, Jaroslav Halak
Custom OT Lines Forwards
Mika Zibanejad, Nathan MacKinnon, Mathew Barzal, Patrick Kane, Jake Guentzel, Nikolaj Ehlers, Adam Lowry, Scott Laughton, Nate Thompson, Michael Bunting
Custom OT Lines Defensemen
Brent Burns, Jacob Trouba, Brandon Montour, Filip Hronek, Adam Pelech
Scratches
Matt Benning (Healthy), Laurent Dauphin (Healthy), Jayce Hawryluk (Healthy)

Panthers

5 vs 5 Forward
Line #Left WingCenterRight WingPHYDFOFWanted %Time %Time Play
1Jonathan MarchessaultAleksander BarkovAndre Burakovsky0233032%15:23
2Vladislav NamestnikovClaude GirouxReilly Smith0233028%13:24
3Eric RobinsonDavid KrejciOskar Sundqvist0232425%11:56
4Jujhar KhairaBrett HowdenMichael Raffl1311616%7:36
5 vs 5 Defense
Line #DefenseDefensePHYDFOFWanted %Time %Time Play
1Seth JonesDylan DeMelo0323027%12:52
2Alec MartinezColton Parayko0323035%16:42
3Justin BraunJason Demers0412427%13:16
4Seth JonesDylan DeMelo0321611%5:29
Power Play Forward
Line #Left WingCenterRight WingPHYDFOFWanted %Time %Time Play
1Jonathan MarchessaultAleksander BarkovAndre Burakovsky0145053%4:13
2Vladislav NamestnikovClaude GirouxReilly Smith0145047%3:43
Power Play Defense
Line #DefenseDefensePHYDFOFWanted %Time %Time Play
1Seth JonesDylan DeMelo0145045%3:36
2Alec MartinezColton Parayko0145055%4:20
Penalty Kill 4 Players Forward
Line #CenterWingPHYDFOFWanted %Time %Time Play
1Aleksander BarkovJonathan Marchessault1225057%2:09
2Claude GirouxReilly Smith1225043%1:36
Penalty Kill 4 Players Defense
Line #DefenseDefensePHYDFOFWanted %Time %Time Play
1Seth JonesDylan DeMelo1225022%0:50
2Alec MartinezColton Parayko1225078%2:55
Penalty Kill 3 Players
Line #WingPHYDFOFWanted %Time %Time PlayDefenseDefensePHYDFOFWanted %Time %Time Play
1Aleksander Barkov122500%0:00 Seth JonesDylan DeMelo122500%0:00
2Claude Giroux122500%0:00 Alec MartinezColton Parayko122500%0:00
4 vs 4 Forward
Line #CenterWingPHYDFOFWanted %Time %Time Play
1Aleksander BarkovJonathan Marchessault014500%0:00
2Claude GirouxAndre Burakovsky014500%0:00
4 vs 4 Defense
Line #DefensePHYDFOFWanted %Time %Time Play
1Seth JonesDylan DeMelo014500%0:00
2Alec MartinezColton Parayko014500%0:00
Last Minutes Offensive
Left WingCenterRight WingDefenseDefense
Claude GirouxAleksander BarkovReilly SmithSeth JonesAlec Martinez
Last Minutes Defensive
Left WingCenterRight WingDefenseDefense
Claude GirouxAleksander BarkovReilly SmithSeth JonesAlec Martinez
Time
Total ForwardTotal DefenseLast Minutes OffensiveLast Minutes Defensive
60:00 60:00 0:000:00
Extra Forwards
Normal PowerPlayPenalty Kill
Brett Howden, Oskar Sundqvist, David KrejciBrett Howden, Oskar SundqvistDavid Krejci
Extra Defensemen
Normal PowerPlayPenalty Kill
Colton Parayko, Jason Demers, Alec MartinezDylan DeMelo, Jason DemersAlec Martinez
Penalty Shots
Aleksander Barkov, Jonathan Marchessault, Claude Giroux, Reilly Smith, Andre Burakovsky
Goalie
Tuukka Rask, Collin Delia
Custom OT Lines Forwards
Aleksander Barkov, Claude Giroux, Reilly Smith, Jonathan Marchessault, Andre Burakovsky, Vladislav Namestnikov, Brett Howden, Oskar Sundqvist, David Krejci, Eric Robinson
Custom OT Lines Defensemen
Seth Jones, Dylan DeMelo, Alec Martinez, Colton Parayko, Jason Demers
Scratches
Riley Nash (Healthy), Dmitry Kulikov (Healthy), Chad Ruhwedel (Healthy)


Play-by-Play

1st period


0:01 of 1st period - Aleksander Barkov wins face-off versus Mika Zibanejad in neutral zone.
0:12 of 1st period - Minor Penalty to Jacob Trouba for Hooking.
0:13 of 1st period - Adam Lowry wins face-off versus Claude Giroux in Senateurs zone.
0:40 of 1st period - Off-side.
0:41 of 1st period - Adam Lowry wins face-off versus Aleksander Barkov in neutral zone.
0:44 of 1st period - Shot by Paul Byron.
0:44 of 1st period - Shot Misses the Net.
0:47 of 1st period - Icing by Dylan DeMelo.
0:48 of 1st period - Adam Lowry wins face-off versus Aleksander Barkov in Panthers zone.
1:25 of 1st period - Shot by Seth Jones.
1:25 of 1st period - Shot Misses the Net.
2:17 of 1st period - Shot by David Krejci.
2:17 of 1st period - Shot Misses the Net.
2:33 of 1st period - Shot by Nathan MacKinnon.
2:33 of 1st period - Shot Misses the Net.
2:42 of 1st period - Shot by Nathan MacKinnon.
2:42 of 1st period - Deflect By Mika Zibanejad.
2:42 of 1st period - Shot Hit the Post.
3:08 of 1st period - Alec Martinez is hit by Scott Laughton and loses puck.
3:23 of 1st period - Shot by Mathew Barzal.
3:23 of 1st period - Shot Misses the Net.
3:25 of 1st period - Shot by Scott Laughton.
3:25 of 1st period - Shot Misses the Net.
3:50 of 1st period - Colin Wilson is hit by Seth Jones and loses puck.
4:03 of 1st period - Shot by Claude Giroux.
4:03 of 1st period - Goal by Claude Giroux - Senateurs : 0 - Panthers : 1.
4:04 of 1st period - Aleksander Barkov wins face-off versus Adam Lowry in neutral zone.
4:23 of 1st period - Brandon Montour is hit by Aleksander Barkov and loses puck.
4:58 of 1st period - Off-side.
4:59 of 1st period - Scott Laughton wins face-off versus Claude Giroux in neutral zone.
5:20 of 1st period - Shot by Claude Giroux.
5:20 of 1st period - Stopped by Jacob Markstrom with a rebound.
5:25 of 1st period - Icing by Brayden McNabb.
5:26 of 1st period - Mathew Barzal wins face-off versus David Krejci in Senateurs zone.
5:36 of 1st period - Icing by Justin Braun.
5:37 of 1st period - David Krejci wins face-off versus Mika Zibanejad in Panthers zone.
6:38 of 1st period - Icing by Jason Demers.
6:39 of 1st period - David Krejci wins face-off versus Adam Lowry in Panthers zone.
7:00 of 1st period - Claude Giroux is hit by Adam Lowry.
7:35 of 1st period - Shot by Filip Hronek.
7:35 of 1st period - Stopped by Tuukka Rask without a rebound.
7:36 of 1st period - Aleksander Barkov wins face-off versus Nate Thompson in Panthers zone.
8:09 of 1st period - Nate Thompson is hit by Colton Parayko and loses puck.
8:12 of 1st period - Shot by Nate Thompson.
8:12 of 1st period - Shot Blocked by Colton Parayko.
8:16 of 1st period - Shot by Colin Wilson.
8:16 of 1st period - Stopped by Tuukka Rask without a rebound.
8:17 of 1st period - Brett Howden wins face-off versus Scott Laughton in Panthers zone.
8:17 of 1st period - Brett Howden is hit by Scott Laughton.
9:32 of 1st period - Shot by Nathan MacKinnon.
9:32 of 1st period - Shot Blocked by Justin Braun.
9:34 of 1st period - Shot by Adam Pelech.
9:34 of 1st period - Shot Blocked by Justin Braun.
9:36 of 1st period - Shot by Mika Zibanejad.
9:36 of 1st period - Shot Misses the Net.
10:04 of 1st period - Shot by Patrick Kane.
10:04 of 1st period - Shot Misses the Net.
10:16 of 1st period - Shot by Andre Burakovsky.
10:16 of 1st period - Shot Misses the Net.
10:24 of 1st period - Shot by Aleksander Barkov.
10:24 of 1st period - Stopped by Jacob Markstrom without a rebound.
10:25 of 1st period - Nate Thompson wins face-off versus David Krejci in Senateurs zone.
10:25 of 1st period - Nate Thompson is hit by Oskar Sundqvist.
10:30 of 1st period - Minor Penalty to Colin Wilson for Diving.
10:31 of 1st period - Adam Lowry wins face-off versus Aleksander Barkov in Senateurs zone.
10:58 of 1st period - Shot by Seth Jones.
10:58 of 1st period - Stopped by Jacob Markstrom without a rebound.
10:59 of 1st period - Claude Giroux wins face-off versus Adam Lowry in Senateurs zone.
11:12 of 1st period - Shot by Reilly Smith.
11:12 of 1st period - Shot Blocked by Brayden McNabb.
11:14 of 1st period - Shot by Alec Martinez.
11:14 of 1st period - Stopped by Jacob Markstrom with a rebound.
11:18 of 1st period - Shot by Claude Giroux.
11:18 of 1st period - Deflect By Reilly Smith.
11:18 of 1st period - Shot Misses the Net.
11:20 of 1st period - Shot by Colton Parayko.
11:20 of 1st period - Stopped by Jacob Markstrom without a rebound.
11:21 of 1st period - Aleksander Barkov wins face-off versus Nate Thompson in Senateurs zone.
11:28 of 1st period - Shot by Aleksander Barkov.
11:28 of 1st period - Shot Misses the Net.
11:30 of 1st period - Shot by Aleksander Barkov.
11:30 of 1st period - Stopped by Jacob Markstrom without a rebound.
11:31 of 1st period - Adam Lowry wins face-off versus Claude Giroux in Senateurs zone.
11:31 of 1st period - Adam Lowry is hit by Vladislav Namestnikov.
12:36 of 1st period - Minor Penalty to Oskar Sundqvist for Holding.
12:37 of 1st period - Mika Zibanejad wins face-off versus Aleksander Barkov in Panthers zone.
14:16 of 1st period - Shot by Brent Burns.
14:16 of 1st period - Deflect By Jake Guentzel.
14:16 of 1st period - Shot Blocked by Jonathan Marchessault.
14:18 of 1st period - Shot by Scott Laughton.
14:18 of 1st period - Shot Blocked by Alec Martinez.
14:20 of 1st period - Shot by Scott Laughton.
14:20 of 1st period - Shot Blocked by Colton Parayko.
14:22 of 1st period - Shot by Scott Laughton.
14:22 of 1st period - Goal by Scott Laughton - Senateurs : 1 - Panthers : 1.
14:23 of 1st period - Nate Thompson wins face-off versus Eric Robinson in neutral zone.
14:23 of 1st period - Nate Thompson is hit by Oskar Sundqvist.
14:31 of 1st period - Off-side.
14:32 of 1st period - Brett Howden wins face-off versus Nate Thompson in neutral zone.
14:47 of 1st period - Icing by Brayden McNabb.
14:48 of 1st period - Nate Thompson wins face-off versus Vladislav Namestnikov in Senateurs zone.
15:17 of 1st period - Shot by Claude Giroux.
15:17 of 1st period - Stopped by Jacob Markstrom without a rebound.
15:18 of 1st period - Aleksander Barkov wins face-off versus Mika Zibanejad in Senateurs zone.
15:18 of 1st period - Aleksander Barkov is hit by Brent Burns.
15:41 of 1st period - Icing by Colton Parayko.
15:42 of 1st period - Aleksander Barkov wins face-off versus Scott Laughton in Panthers zone.
17:23 of 1st period - Shot by Nikolaj Ehlers.
17:23 of 1st period - Shot Blocked by Dylan DeMelo.
18:29 of 1st period - Shot by Patrick Kane.
18:29 of 1st period - Stopped by Tuukka Rask without a rebound.
18:30 of 1st period - Nate Thompson wins face-off versus Brett Howden in Panthers zone.
18:37 of 1st period - Shot by Colin Wilson.
18:37 of 1st period - Stopped by Tuukka Rask without a rebound.
18:38 of 1st period - Andre Burakovsky wins face-off versus Mika Zibanejad in Panthers zone.
18:45 of 1st period - Shot by Andre Burakovsky.
18:45 of 1st period - Stopped by Jacob Markstrom without a rebound.
18:46 of 1st period - Aleksander Barkov wins face-off versus Patrick Kane in Senateurs zone.
18:53 of 1st period - Shot by Aleksander Barkov.
18:53 of 1st period - Stopped by Jacob Markstrom without a rebound.
18:54 of 1st period - Mika Zibanejad wins face-off versus Claude Giroux in Senateurs zone.
18:54 of 1st period - Brayden McNabb is hit by Reilly Smith and loses puck.
19:06 of 1st period - Nathan MacKinnon is hit by Dylan DeMelo and loses puck.
19:20 of 1st period - Patrick Kane is hit by Seth Jones and loses puck.
19:36 of 1st period - Off-side.
19:37 of 1st period - Aleksander Barkov wins face-off versus Scott Laughton in neutral zone.
19:46 of 1st period - Shot by Jonathan Marchessault.
19:46 of 1st period - Shot Misses the Net.
19:52 of 1st period - Shot by Jonathan Marchessault.
19:52 of 1st period - Stopped by Jacob Markstrom with a rebound.
19:56 of 1st period - Shot by Aleksander Barkov.
19:56 of 1st period - Stopped by Jacob Markstrom without a rebound.
19:57 of 1st period - Adam Lowry wins face-off versus David Krejci in Senateurs zone.
Goals for this period are 1 for Senateurs vs 1 for Panthers.
Shots for this period are 5 for Senateurs vs 12 for Panthers.

2nd period


0:01 of 2nd period - Mika Zibanejad wins face-off versus Aleksander Barkov in neutral zone.
0:01 of 2nd period - Nathan MacKinnon is hit by Jonathan Marchessault and loses puck.
0:18 of 2nd period - Off-side.
0:19 of 2nd period - Claude Giroux wins face-off versus Scott Laughton in neutral zone.
0:32 of 2nd period - Reilly Smith is hit by Adam Pelech and loses puck.
0:45 of 2nd period - Shot by Claude Giroux.
0:45 of 2nd period - Shot Misses the Net.
0:47 of 2nd period - Shot by Alec Martinez.
0:47 of 2nd period - Stopped by Jacob Markstrom without a rebound.
0:48 of 2nd period - Aleksander Barkov wins face-off versus Mika Zibanejad in Senateurs zone.
1:26 of 2nd period - Shot by Nathan MacKinnon.
1:26 of 2nd period - Stopped by Tuukka Rask with a rebound.
1:30 of 2nd period - Shot by Patrick Kane.
1:30 of 2nd period - Stopped by Tuukka Rask without a rebound.
1:31 of 2nd period - David Krejci wins face-off versus Nikolaj Ehlers in Panthers zone.
1:36 of 2nd period - Shot by Nikolaj Ehlers.
1:36 of 2nd period - Stopped by Tuukka Rask with a rebound.
1:38 of 2nd period - Shot by Paul Byron.
1:38 of 2nd period - Stopped by Tuukka Rask without a rebound.
1:39 of 2nd period - Adam Lowry wins face-off versus Brett Howden in Panthers zone.
2:36 of 2nd period - Shot by Oskar Sundqvist.
2:36 of 2nd period - Stopped by Jacob Markstrom without a rebound.
2:37 of 2nd period - Claude Giroux wins face-off versus Scott Laughton in Senateurs zone.
2:42 of 2nd period - Shot by Reilly Smith.
2:42 of 2nd period - Stopped by Jacob Markstrom with a rebound.
3:27 of 2nd period - Icing by Dylan DeMelo.
3:28 of 2nd period - Mika Zibanejad wins face-off versus Vladislav Namestnikov in Panthers zone.
3:28 of 2nd period - Mika Zibanejad is hit by Seth Jones.
3:40 of 2nd period - Shot by Patrick Kane.
3:40 of 2nd period - Stopped by Tuukka Rask without a rebound.
3:41 of 2nd period - David Krejci wins face-off versus Nate Thompson in Panthers zone.
3:41 of 2nd period - David Krejci is hit by Michael Bunting.
3:56 of 2nd period - Off-side.
3:57 of 2nd period - Mika Zibanejad wins face-off versus Aleksander Barkov in neutral zone.
4:11 of 2nd period - Icing by Justin Braun.
4:12 of 2nd period - Scott Laughton wins face-off versus Aleksander Barkov in Panthers zone.
4:27 of 2nd period - Shot by Aleksander Barkov.
4:27 of 2nd period - Stopped by Jacob Markstrom without a rebound.
4:28 of 2nd period - Mika Zibanejad wins face-off versus David Krejci in Senateurs zone.
4:53 of 2nd period - Shot by Jacob Trouba.
4:53 of 2nd period - Stopped by Tuukka Rask without a rebound.
4:54 of 2nd period - Adam Lowry wins face-off versus Aleksander Barkov in Panthers zone.
4:57 of 2nd period - Shot by Nikolaj Ehlers.
4:57 of 2nd period - Shot Misses the Net.
5:13 of 2nd period - Shot by Aleksander Barkov.
5:13 of 2nd period - Stopped by Jacob Markstrom without a rebound.
5:14 of 2nd period - Jake Guentzel wins face-off versus David Krejci in Senateurs zone.
5:14 of 2nd period - Jake Guentzel is hit by Oskar Sundqvist.
5:34 of 2nd period - Shot by Scott Laughton.
5:34 of 2nd period - Shot Blocked by Seth Jones.
6:08 of 2nd period - Shot by Mika Zibanejad.
6:08 of 2nd period - Shot Misses the Net.
6:25 of 2nd period - Nathan MacKinnon is hit by Seth Jones and loses puck.
6:46 of 2nd period - Shot by Patrick Kane.
6:46 of 2nd period - Stopped by Tuukka Rask without a rebound.
6:47 of 2nd period - Jonathan Marchessault wins face-off versus Adam Lowry in Panthers zone.
6:47 of 2nd period - Jonathan Marchessault is hit by Adam Lowry.
6:59 of 2nd period - Shot by Adam Lowry.
6:59 of 2nd period - Stopped by Tuukka Rask without a rebound.
7:00 of 2nd period - Nate Thompson wins face-off versus Claude Giroux in Panthers zone.
7:16 of 2nd period - Claude Giroux is hit by Jacob Trouba and loses puck.
7:35 of 2nd period - Shot by Colin Wilson.
7:35 of 2nd period - Deflect By Michael Bunting.
7:35 of 2nd period - Stopped by Tuukka Rask without a rebound.
7:36 of 2nd period - Adam Lowry wins face-off versus Aleksander Barkov in Panthers zone.
7:36 of 2nd period - Adam Lowry is hit by Alec Martinez.
7:49 of 2nd period - Icing by Filip Hronek.
7:50 of 2nd period - Adam Lowry wins face-off versus Brett Howden in Senateurs zone.
8:14 of 2nd period - Alec Martinez is hit by Brayden McNabb and loses puck.
8:23 of 2nd period - Shot by Brett Howden.
8:23 of 2nd period - Stopped by Jacob Markstrom with a rebound.
8:26 of 2nd period - Michael Raffl is hit by Filip Hronek and loses puck.
9:03 of 2nd period - Shot by Mika Zibanejad.
9:03 of 2nd period - Stopped by Tuukka Rask without a rebound.
9:04 of 2nd period - Scott Laughton wins face-off versus Reilly Smith in Panthers zone.
9:34 of 2nd period - Shot by Claude Giroux.
9:34 of 2nd period - Goal by Claude Giroux - Senateurs : 1 - Panthers : 2.
9:35 of 2nd period - Aleksander Barkov wins face-off versus Mika Zibanejad in neutral zone.
9:47 of 2nd period - Shot by Aleksander Barkov.
9:47 of 2nd period - Shot Misses the Net.
9:49 of 2nd period - Shot by Dylan DeMelo.
9:49 of 2nd period - Stopped by Jacob Markstrom with a rebound.
9:59 of 2nd period - Shot by Mika Zibanejad.
9:59 of 2nd period - Shot Misses the Net.
11:31 of 2nd period - Shot by Claude Giroux.
11:31 of 2nd period - Stopped by Jacob Markstrom without a rebound.
11:32 of 2nd period - David Krejci wins face-off versus Nate Thompson in Senateurs zone.
11:39 of 2nd period - Shot by Eric Robinson.
11:39 of 2nd period - Shot Misses the Net.
11:47 of 2nd period - Shot by Oskar Sundqvist.
11:47 of 2nd period - Stopped by Jacob Markstrom without a rebound.
11:48 of 2nd period - Michael Raffl wins face-off versus Mika Zibanejad in Senateurs zone.
11:59 of 2nd period - Shot by Mika Zibanejad.
11:59 of 2nd period - Stopped by Tuukka Rask without a rebound.
12:00 of 2nd period - Adam Lowry wins face-off versus Claude Giroux in Panthers zone.
12:40 of 2nd period - Shot by Nikolaj Ehlers.
12:40 of 2nd period - Stopped by Tuukka Rask with a rebound.
12:42 of 2nd period - Shot by Adam Lowry.
12:42 of 2nd period - Stopped by Tuukka Rask with a rebound.
12:44 of 2nd period - Shot by Paul Byron.
12:44 of 2nd period - Shot Misses the Net.
13:01 of 2nd period - Icing by Brandon Montour.
13:02 of 2nd period - Mika Zibanejad wins face-off versus Aleksander Barkov in Senateurs zone.
13:17 of 2nd period - Shot by Patrick Kane.
13:17 of 2nd period - Shot Misses the Net.
13:19 of 2nd period - Shot by Mika Zibanejad.
13:19 of 2nd period - Goal by Mika Zibanejad - Senateurs : 2 - Panthers : 2.
13:20 of 2nd period - Eric Robinson wins face-off versus Scott Laughton in neutral zone.
13:29 of 2nd period - Shot by Jake Guentzel.
13:29 of 2nd period - Stopped by Tuukka Rask without a rebound.
13:30 of 2nd period - Aleksander Barkov wins face-off versus Mika Zibanejad in Panthers zone.
13:53 of 2nd period - Shot by Mika Zibanejad.
13:53 of 2nd period - Deflect By Patrick Kane.
13:53 of 2nd period - Goal by Patrick Kane - Senateurs : 3 - Panthers : 2.
13:54 of 2nd period - Scott Laughton wins face-off versus David Krejci in neutral zone.
14:07 of 2nd period - Shot by Mathew Barzal.
14:07 of 2nd period - Shot Misses the Net.
14:38 of 2nd period - Shot by Jake Guentzel.
14:38 of 2nd period - Stopped by Tuukka Rask without a rebound.
14:39 of 2nd period - Mika Zibanejad wins face-off versus Claude Giroux in Panthers zone.
15:15 of 2nd period - Icing by Nathan MacKinnon.
15:16 of 2nd period - Mika Zibanejad wins face-off versus Michael Raffl in Senateurs zone.
15:16 of 2nd period - Mika Zibanejad is hit by Michael Raffl.
15:44 of 2nd period - Brett Howden is hit by Scott Laughton and loses puck.
16:03 of 2nd period - Mathew Barzal is hit by Jason Demers and loses puck.
16:39 of 2nd period - Icing by Filip Hronek.
16:40 of 2nd period - Paul Byron wins face-off versus Aleksander Barkov in Senateurs zone.
16:47 of 2nd period - Shot by Filip Hronek.
16:47 of 2nd period - Shot Misses the Net.
16:56 of 2nd period - Icing by Filip Hronek.
16:57 of 2nd period - Claude Giroux wins face-off versus Adam Lowry in Senateurs zone.
17:15 of 2nd period - Shot by Paul Byron.
17:15 of 2nd period - Shot Misses the Net.
17:17 of 2nd period - Shot by Brayden McNabb.
17:17 of 2nd period - Shot Misses the Net.
17:19 of 2nd period - Shot by Brayden McNabb.
17:19 of 2nd period - Shot Misses the Net.
17:23 of 2nd period - Shot by Nikolaj Ehlers.
17:23 of 2nd period - Shot Misses the Net.
17:32 of 2nd period - Colton Parayko is hit by Brayden McNabb.
18:03 of 2nd period - Shot by Nathan MacKinnon.
18:03 of 2nd period - Shot Misses the Net.
18:05 of 2nd period - Shot by Jacob Trouba.
18:05 of 2nd period - Stopped by Tuukka Rask without a rebound.
18:06 of 2nd period - Aleksander Barkov wins face-off versus Scott Laughton in Panthers zone.
18:06 of 2nd period - Aleksander Barkov is hit by Jake Guentzel.
18:37 of 2nd period - Icing by Adam Pelech.
18:38 of 2nd period - Scott Laughton wins face-off versus David Krejci in Senateurs zone.
18:53 of 2nd period - Oskar Sundqvist is hit by Jake Guentzel.
18:58 of 2nd period - Oskar Sundqvist is hit by Brandon Montour and loses puck.
19:04 of 2nd period - Off-side.
19:05 of 2nd period - Brett Howden wins face-off versus Mika Zibanejad in neutral zone.
19:36 of 2nd period - Shot by Brett Howden.
19:36 of 2nd period - Shot Blocked by Brent Burns.
19:38 of 2nd period - Shot by Dylan DeMelo.
19:38 of 2nd period - Shot Blocked by Jacob Trouba.
19:40 of 2nd period - Shot by Michael Raffl.
19:40 of 2nd period - Deflect By Jujhar Khaira.
19:40 of 2nd period - Shot Blocked by Jacob Trouba.
19:42 of 2nd period - Shot by Brett Howden.
19:42 of 2nd period - Stopped by Jacob Markstrom without a rebound.
19:43 of 2nd period - Adam Lowry wins face-off versus Aleksander Barkov in Senateurs zone.
19:43 of 2nd period - Adam Lowry is hit by Jonathan Marchessault.
Goals for this period are 2 for Senateurs vs 1 for Panthers.
Shots for this period are 18 for Senateurs vs 11 for Panthers.

3rd period


0:01 of 3rd period - Aleksander Barkov wins face-off versus Mika Zibanejad in neutral zone.
0:30 of 3rd period - Shot by Mika Zibanejad.
0:30 of 3rd period - Shot Misses the Net.
0:32 of 3rd period - Shot by Mika Zibanejad.
0:32 of 3rd period - Shot Blocked by Dylan DeMelo.
0:34 of 3rd period - Shot by Jacob Trouba.
0:34 of 3rd period - Stopped by Tuukka Rask without a rebound.
0:35 of 3rd period - Scott Laughton wins face-off versus David Krejci in Panthers zone.
0:46 of 3rd period - Shot by Mathew Barzal.
0:46 of 3rd period - Deflect By Scott Laughton.
0:46 of 3rd period - Shot Misses the Net.
0:48 of 3rd period - Shot by Brandon Montour.
0:48 of 3rd period - Shot Misses the Net.
0:50 of 3rd period - Shot by Jake Guentzel.
0:50 of 3rd period - Shot Blocked by Alec Martinez.
1:14 of 3rd period - Icing by Colton Parayko.
1:15 of 3rd period - David Krejci wins face-off versus Adam Lowry in Panthers zone.
1:25 of 3rd period - Brent Burns is hit by Alec Martinez and loses puck.
1:30 of 3rd period - Shot by Adam Lowry.
1:30 of 3rd period - Shot Misses the Net.
1:32 of 3rd period - Shot by Adam Lowry.
1:32 of 3rd period - Stopped by Tuukka Rask without a rebound.
1:33 of 3rd period - Reilly Smith wins face-off versus Mika Zibanejad in Panthers zone.
2:00 of 3rd period - Shot by Claude Giroux.
2:00 of 3rd period - Stopped by Jacob Markstrom without a rebound.
2:01 of 3rd period - Aleksander Barkov wins face-off versus Adam Lowry in Senateurs zone.
2:14 of 3rd period - Shot by Aleksander Barkov.
2:14 of 3rd period - Stopped by Jacob Markstrom without a rebound.
2:15 of 3rd period - Scott Laughton wins face-off versus Brett Howden in Senateurs zone.
2:19 of 3rd period - Brent Burns is hit by Colton Parayko and loses puck.
2:47 of 3rd period - Shot by Scott Laughton.
2:47 of 3rd period - Shot Blocked by Alec Martinez.
2:55 of 3rd period - Shot by Mathew Barzal.
2:55 of 3rd period - Stopped by Tuukka Rask without a rebound.
2:56 of 3rd period - Aleksander Barkov wins face-off versus Mika Zibanejad in Panthers zone.
3:02 of 3rd period - Andre Burakovsky is hit by Brandon Montour and loses puck.
3:27 of 3rd period - Shot by Aleksander Barkov.
3:27 of 3rd period - Shot Blocked by Brandon Montour.
3:29 of 3rd period - Shot by Seth Jones.
3:29 of 3rd period - Shot Blocked by Adam Pelech.
3:31 of 3rd period - Shot by Andre Burakovsky.
3:31 of 3rd period - Shot Misses the Net.
4:00 of 3rd period - Nikolaj Ehlers is hit by Jason Demers and loses puck.
4:25 of 3rd period - Icing by Brayden McNabb.
4:26 of 3rd period - David Krejci wins face-off versus Adam Lowry in Senateurs zone.
4:57 of 3rd period - Alec Martinez is hit by Adam Lowry.
5:01 of 3rd period - Paul Byron is hit by Oskar Sundqvist and loses puck.
5:32 of 3rd period - Shot by Aleksander Barkov.
5:32 of 3rd period - Deflect By Jonathan Marchessault.
5:32 of 3rd period - Shot Misses the Net.
5:34 of 3rd period - Shot by Aleksander Barkov.
5:34 of 3rd period - Stopped by Jacob Markstrom without a rebound.
5:35 of 3rd period - Mika Zibanejad wins face-off versus Claude Giroux in Senateurs zone.
5:50 of 3rd period - Minor Penalty to Nathan MacKinnon for Tripping.
5:51 of 3rd period - Nate Thompson wins face-off versus Aleksander Barkov in Senateurs zone.
6:10 of 3rd period - Shot by Jonathan Marchessault.
6:10 of 3rd period - Stopped by Jacob Markstrom with a rebound.
6:12 of 3rd period - Shot by Dylan DeMelo.
6:12 of 3rd period - Shot Misses the Net.
6:31 of 3rd period - Shot by Seth Jones.
6:31 of 3rd period - Shot Misses the Net.
6:33 of 3rd period - Shot by Seth Jones.
6:33 of 3rd period - Stopped by Jacob Markstrom with a rebound.
7:24 of 3rd period - Shot by Reilly Smith.
7:24 of 3rd period - Shot Misses the Net.
8:02 of 3rd period - Mika Zibanejad is hit by Jason Demers and loses puck.
9:21 of 3rd period - Off-side.
9:22 of 3rd period - Nate Thompson wins face-off versus Claude Giroux in neutral zone.
9:29 of 3rd period - Shot by Colin Wilson.
9:29 of 3rd period - Shot Misses the Net.
9:31 of 3rd period - Shot by Colin Wilson.
9:31 of 3rd period - Stopped by Tuukka Rask without a rebound.
9:32 of 3rd period - Mika Zibanejad wins face-off versus Aleksander Barkov in Panthers zone.
9:37 of 3rd period - Shot by Nathan MacKinnon.
9:37 of 3rd period - Stopped by Tuukka Rask without a rebound.
9:38 of 3rd period - Aleksander Barkov wins face-off versus Adam Lowry in Panthers zone.
9:57 of 3rd period - Shot by Aleksander Barkov.
9:57 of 3rd period - Stopped by Jacob Markstrom without a rebound.
9:58 of 3rd period - Vladislav Namestnikov wins face-off versus Scott Laughton in Senateurs zone.
10:15 of 3rd period - Shot by Claude Giroux.
10:15 of 3rd period - Stopped by Jacob Markstrom without a rebound.
10:16 of 3rd period - Aleksander Barkov wins face-off versus Mika Zibanejad in Senateurs zone.
10:33 of 3rd period - Icing by Mika Zibanejad.
10:34 of 3rd period - Claude Giroux wins face-off versus Mika Zibanejad in Senateurs zone.
11:00 of 3rd period - Shot by Reilly Smith.
11:00 of 3rd period - Stopped by Jacob Markstrom without a rebound.
11:01 of 3rd period - Scott Laughton wins face-off versus Aleksander Barkov in Senateurs zone.
11:56 of 3rd period - Shot by Nikolaj Ehlers.
11:56 of 3rd period - Shot Hit the Post.
11:58 of 3rd period - Shot by Adam Lowry.
11:58 of 3rd period - Stopped by Tuukka Rask with a rebound.
12:00 of 3rd period - Shot by Paul Byron.
12:00 of 3rd period - Stopped by Tuukka Rask without a rebound.
12:01 of 3rd period - Nate Thompson wins face-off versus Claude Giroux in Panthers zone.
12:04 of 3rd period - Shot by Michael Bunting.
12:04 of 3rd period - Stopped by Tuukka Rask without a rebound.
12:04 of 3rd period - Minor Penalty to Colton Parayko for Interference.
12:05 of 3rd period - Mika Zibanejad wins face-off versus Claude Giroux in Panthers zone.
12:40 of 3rd period - Shot by Mika Zibanejad.
12:40 of 3rd period - Shot Misses the Net.
13:20 of 3rd period - Shot by Aleksander Barkov.
13:20 of 3rd period - Shot Blocked by Scott Laughton.
13:50 of 3rd period - Mika Zibanejad is hit by Jonathan Marchessault and loses puck.
14:01 of 3rd period - Shot by Mika Zibanejad.
14:01 of 3rd period - Stopped by Tuukka Rask without a rebound.
14:02 of 3rd period - Claude Giroux wins face-off versus Mathew Barzal in Panthers zone.
14:11 of 3rd period - Alec Martinez is hit by Michael Bunting and loses puck.
14:20 of 3rd period - Shot by Colin Wilson.
14:20 of 3rd period - Shot Misses the Net.
14:22 of 3rd period - Shot by Michael Bunting.
14:22 of 3rd period - Shot Blocked by Alec Martinez.
14:24 of 3rd period - Shot by Brent Burns.
14:24 of 3rd period - Stopped by Tuukka Rask without a rebound.
14:25 of 3rd period - Adam Lowry wins face-off versus Eric Robinson in Panthers zone.
14:41 of 3rd period - Nikolaj Ehlers is hit by Justin Braun and loses puck.
14:58 of 3rd period - Shot by Nikolaj Ehlers.
14:58 of 3rd period - Shot Misses the Net.
15:19 of 3rd period - Minor Penalty to Scott Laughton for Hooking.
15:20 of 3rd period - Aleksander Barkov wins face-off versus Nate Thompson in Senateurs zone.
15:20 of 3rd period - Alec Martinez is hit by Jacob Trouba and loses puck.
15:29 of 3rd period - Shot by Andre Burakovsky.
15:29 of 3rd period - Stopped by Jacob Markstrom with a rebound.
15:31 of 3rd period - Shot by Alec Martinez.
15:31 of 3rd period - Shot Misses the Net.
15:33 of 3rd period - Shot by Jonathan Marchessault.
15:33 of 3rd period - Deflect By Aleksander Barkov.
15:33 of 3rd period - Shot Misses the Net.
15:35 of 3rd period - Shot by Alec Martinez.
15:35 of 3rd period - Shot Misses the Net.
15:37 of 3rd period - Shot by Aleksander Barkov.
15:37 of 3rd period - Deflect By Jonathan Marchessault.
15:37 of 3rd period - Shot Misses the Net.
15:43 of 3rd period - Shot by Aleksander Barkov.
15:43 of 3rd period - Stopped by Jacob Markstrom with a rebound.
15:45 of 3rd period - Shot by Colton Parayko.
15:45 of 3rd period - Shot Blocked by Adam Pelech.
15:47 of 3rd period - Shot by Alec Martinez.
15:47 of 3rd period - Stopped by Jacob Markstrom without a rebound.
15:48 of 3rd period - Claude Giroux wins face-off versus Adam Lowry in Senateurs zone.
16:04 of 3rd period - Shot by Reilly Smith.
16:04 of 3rd period - Stopped by Jacob Markstrom without a rebound.
16:05 of 3rd period - Nate Thompson wins face-off versus Andre Burakovsky in Senateurs zone.
17:04 of 3rd period - Shot by Seth Jones.
17:04 of 3rd period - Shot Blocked by Brent Burns.
17:06 of 3rd period - Shot by Vladislav Namestnikov.
17:06 of 3rd period - Shot Misses the Net.
17:59 of 3rd period - Shot by Scott Laughton.
17:59 of 3rd period - Deflect By Jake Guentzel.
17:59 of 3rd period - Stopped by Tuukka Rask without a rebound.
18:00 of 3rd period - Claude Giroux wins face-off versus Mika Zibanejad in Panthers zone.
18:13 of 3rd period - Shot by Patrick Kane.
18:13 of 3rd period - Goal by Patrick Kane - Senateurs : 4 - Panthers : 2.
18:14 of 3rd period - Nate Thompson wins face-off versus Aleksander Barkov in neutral zone.
19:20 of 3rd period - Nikolaj Ehlers is hit by Jonathan Marchessault.
Goals for this period are 1 for Senateurs vs 0 for Panthers.
Shots for this period are 12 for Senateurs vs 12 for Panthers.